Blues vs Lightning

Created - November-14-14 at 17:28

Goals
1 2 3 OT1 T
Blues 1 2 2 0 5
Lightning 0 4 1 1 6
Shots
1 2 3 OT1 T
Blues 8 9 13 2 32
Lightning 9 11 13 3 36

1st period

1. Blues , Jussi Jokinen 5 (Dan Hamhuis) at 15:46

Penalties :
Carl Gunnarsson (STL) for Tripping (Minor) at 4:39, Carl Gunnarsson (STL) for Hooking (Minor) at 17:17, Mike Weaver (STL) for Delaying the game (Minor) at 19:30

2nd period

2. Lightning , Maxim Lapierre 2 (Luca Sbisa) at 2:12
3. Lightning , Brent Seabrook 4 (Cam Atkinson, Andrej Sekera) at 2:56
4. Blues , Jussi Jokinen 6 (Alex Tanguay, Antoine Vermette) at 4:55
5. Blues , Antoine Vermette 3 (Alex Tanguay, Jussi Jokinen) at 5:24
6. Lightning , Teddy Purcell 6 (Curtis Glencross, Brad Richards) at 6:31
7. Lightning , Henrik Sedin 2 (Patrick Kane, Andrej Sekera) at 13:19 (PP)

Penalties :
Maxim Lapierre (TBL) for Roughing (Minor) at 6:35, Curtis Glencross (TBL) for Hooking (Minor) at 9:04, Matt Irwin (STL) for Holding Stick (Minor) at 12:46, Jason Chimera (TBL) for Slashing (Minor) at 13:22, Mike Fisher (STL) for Hooking (Minor) at 19:14

3rd period

8. Lightning , Henrik Sedin 3 (Andrej Sekera, Patrick Kane) at 0:18 (PP)
9. Blues , Jiri Hudler 8 (Mike Fisher, Bryan Little) at 2:33
10. Blues , Mike Ribeiro 3 (Kevin Klein) at 9:55

Penalties :
Scott Hannan (TBL) for Slashing (Minor) at 10:13

Overtime #1

11. Lightning , Curtis Glencross 5 (Maxime Talbot, Brent Seabrook) at 3:00

Penalties :
No Penalty

Goalie Stats

Sergei Bobrovsky (STL), 14 saves from 15 shots - (0.933), OTL, 7-8-2, 22:43 minutes
Jeff Zatkoff (STL), 16 saves from 21 shots - (0.762), 40:18 minutes
Jaroslav Halak (TBL), 27 saves from 32 shots - (0.844), W, 8-5-0, 63:01 minutes

Players Stats for Blues

Player Name              G  A  P  +/- PIM S  H  SB GA TA FO     MP     PP MP  PK MP  
------------------------------------------------------------------------------------
Alex Tanguay             0  2  2   2  0   2  0  0  0  0  0/0    17:40   4:32   0:00 
Antoine Vermette         1  1  2   1  0   6  2  0  0  0  18/30  22:12   3:24   3:38 
Bryan Little             0  1  1   0  0   2  2  1  0  0  5/6    27:19   4:32   3:38 
Carl Gunnarsson          0  0  0  -2  4   1  3  2  0  0  0/0    21:30   3:30   1:57 
Dan Hamhuis              0  1  1   1  0   3  2  7  0  0  0/0    25:33   4:26   4:01 
David Jones              0  0  0   0  0   2  0  0  0  0  0/0     5:32   0:00   0:00 
Jeff Petry               0  0  0   1  0   1  2  3  0  0  0/0    21:08   0:00   3:52 
Jiri Hudler              1  0  1   0  0   2  2  0  0  0  0/0    18:44   3:24   0:00 
Jussi Jokinen            2  1  3   1  0   5  1  0  0  0  6/10   23:07   3:24   3:56 
Kevin Klein              0  1  1   2  0   0  1  0  0  0  0/0    14:10   0:00   0:00 
Lee Stempniak            0  0  0   0  0   1  2  0  0  0  0/0    12:02   0:00   0:00 
Matt Irwin               0  0  0   2  2   1  1  2  0  0  0/0    21:22   4:26   2:47 
Michael Frolik           0  0  0   0  0   0  0  2  0  0  0/1    11:03   0:00   0:00 
Mike Fisher              0  1  1   0  2   3  6  1  0  0  10/22  15:29   0:00   0:00 
Mike Ribeiro             1  0  1   0  0   2  1  0  0  0  8/25   20:20   4:32   3:56 
Mike Weaver              0  0  0  -2  2   1  2  2  0  0  0/0    22:15   3:30   2:31 
R.J. Umberger            0  0  0   0  0   0  0  0  0  0  1/4     4:59   0:00   0:00 
Sergei Gonchar           0  0  0   0  0   0  0  0  0  0  0/0     0:00   0:00   0:00 

Players Stats for Lightning

Player Name              G  A  P  +/- PIM S  H  SB GA TA FO     MP     PP MP  PK MP  
------------------------------------------------------------------------------------
Andrej Meszaros          0  0  0  -2  0   4  0  0  0  0  0/0    19:57   3:33   3:56 
Andrej Sekera            0  3  3   0  0   0  0  2  0  0  0/0    27:53   4:01   4:00 
Brad Richards            0  1  1  -3  0   3  1  0  0  0  10/25  23:08   4:11   3:24 
Brent Seabrook           1  1  2   0  0   2  1  0  0  0  0/0    27:53   4:01   4:00 
Cam Atkinson             0  1  1   1  0   4  3  0  0  0  3/6    24:56   3:23   2:15 
Curtis Glencross         1  1  2  -2  2   3  4  0  0  0  1/2    20:07   4:11   0:33 
David Schlemko           0  0  0   0  0   1  1  0  0  0  0/0    11:53   0:00   0:00 
Eric Fehr                0  0  0   0  0   1  0  0  0  0  0/0     3:16   0:00   0:00 
Erik Gudbranson          0  0  0  -1  0   0  4  1  0  0  0/0    23:15   3:33   3:56 
Henrik Sedin             2  0  2   1  0   5  3  0  0  0  15/33  20:45   3:23   0:00 
Jason Chimera            0  0  0   0  2   0  2  0  0  0  1/2    10:43   0:00   1:48 
Luca Sbisa               0  1  1   1  0   0  2  0  0  0  0/0     3:18   0:00   0:00 
Maxim Lapierre           1  0  1   0  2   1  0  0  0  0  7/11    6:33   0:00   3:18 
Maxime Talbot            0  1  1   1  0   1  3  1  0  0  1/1    17:14   0:00   4:34 
Patrick Kane             0  2  2   1  0   7  2  0  0  0  4/5    22:41   3:23   0:00 
Scott Hannan             0  0  0   0  2   0  0  1  0  0  0/0    11:52   0:00   0:00 
Teddy Purcell            1  0  1  -3  0   3  2  2  0  0  3/4    19:44   4:11   0:00 
Tomas Plekanec           0  0  0   0  0   1  0  0  0  0  5/9     8:56   0:00   0:00 

3 Stars

1 - Jussi Jokinen (STL)
2 - Henrik Sedin (TBL)
3 - Antoine Vermette (STL)

Power Play

Blues - 0 on 4 Attempt(s) - 0.00%
Lightning - 2 on 5 Attempt(s) - 40.00%

Penalty Kill

Blues - 3 on 5 Attempt(s) - 60.00% - Score 0 goal in Penalty Kill
Lightning - 4 on 4 Attempt(s) - 100.00% - Score 0 goal in Penalty Kill

Official

Referees : Chris Rooney and Dan O'Rourke
Linesman : Brad Lazarowich and Greg Devorski

Game Notes

Sergei Bobrovsky enters game at 0:18 of 3rd period

Finance

Level 1 -- Attendance: 4707 (72.42%) -- Ticket Income $517,770
Level 2 -- Attendance: 3336 (66.72%) -- Ticket Income $316,920
Level 3 -- Attendance: 2000 (57.14%) -- Ticket Income $150,000
Level 4 -- Attendance: 2087 (55.53%) -- Ticket Income $93,915
Luxury Box -- Attendance: 492 (49.20%) -- Ticket Income $177,120
Game was played at the Tampa Bay Times Forum
Total Attendance: 12622 (63.88%)
Total Ticket Income: $1,255,725
Other Income: $188,359
Total Income: $1,444,084

% Time on Ice - Blues

Lines # - Real PCT - Wanted PCT - Time Play
Normal Forward
1 - 34% - 38% - 15:20
2 - 30% - 31% - 13:08
3 - 25% - 19% - 11:03
4 - 11% - 12% - 4:59
Normal Defense
1 - 35% - 35% - 15:42
2 - 33% - 33% - 14:38
3 - 32% - 32% - 14:10
4 - 0% - 0% - 0:00
PP Forward
1 - 57% - 64% - 4:32
2 - 43% - 36% - 3:24
PP Defense
1 - 56% - 60% - 4:26
2 - 44% - 40% - 3:30
PK Forward
1 - 48% - 50% - 3:38
2 - 52% - 50% - 3:56
PK Defense
1 - 51% - 60% - 3:53
2 - 49% - 40% - 3:41
PK3 Forward
1 - 0% - 55%
2 - 0% - 45%
PK3 Defense
1 - 0% - 60%
2 - 0% - 40%
44 Forward
1 - 67% - 58% - 2:02
2 - 33% - 42% - 0:59
44 Defense
1 - 52% - 60% - 1:34
2 - 48% - 40% - 1:27
Last Minute Offensive  - 0:00
Last Minute Defensive  - 0:00
Total
Forward - 63:01
Defense - 63:01

% Time on Ice - Lightning

Lines # - Real PCT - Wanted PCT - Time Play
Normal Forward
1 - 39% - 40% - 17:22
2 - 34% - 30% - 14:56
3 - 20% - 20% - 8:56
4 - 7% - 10% - 3:16
Normal Defense
1 - 41% - 40% - 18:02
2 - 25% - 30% - 11:17
3 - 27% - 20% - 11:53
4 - 7% - 10% - 3:18
PP Forward
1 - 45% - 60% - 3:23
2 - 55% - 40% - 4:11
PP Defense
1 - 53% - 60% - 4:01
2 - 47% - 40% - 3:33
PK Forward
1 - 67% - 60% - 5:17
2 - 33% - 40% - 2:39
PK Defense
1 - 50% - 60% - 4:00
2 - 50% - 40% - 3:56
PK3 Forward
1 - 0% - 60%
2 - 0% - 40%
PK3 Defense
1 - 0% - 60%
2 - 0% - 40%
44 Forward
1 - 80% - 60% - 2:24
2 - 20% - 40% - 0:37
44 Defense
1 - 61% - 60% - 1:50
2 - 39% - 40% - 1:11
Last Minute Offensive  - 0:00
Last Minute Defensive  - 0:00
Total
Forward - 63:01
Defense - 63:01

Play by Play

1st period


0:01 of 1st period - Henrik Sedin wins face-off versus Bryan Little in neutral zone.
0:21 of 1st period - Shot by Cam Atkinson.
0:21 of 1st period - Stopped by Jeff Zatkoff without a rebound.
0:22 of 1st period - Teddy Purcell wins face-off versus Antoine Vermette in Blues zone.
0:45 of 1st period - Brad Richards is hit by Jussi Jokinen and loses puck.
1:02 of 1st period - Shot by Jussi Jokinen.
1:02 of 1st period - Stopped by Jaroslav Halak with a rebound.
1:46 of 1st period - Icing by Maxime Talbot.
1:47 of 1st period - Tomas Plekanec wins face-off versus Mike Fisher in Lightning zone.
2:06 of 1st period - Icing by Maxime Talbot.
2:07 of 1st period - Mike Ribeiro wins face-off versus Tomas Plekanec in Lightning zone.
2:10 of 1st period - Shot by Jeff Petry.
2:10 of 1st period - Stopped by Jaroslav Halak with a rebound.
2:51 of 1st period - Icing by Michael Frolik.
2:52 of 1st period - Brad Richards wins face-off versus Mike Ribeiro in Blues zone.
2:56 of 1st period - Teddy Purcell is hit by Jeff Petry and loses puck.
3:01 of 1st period - Shot by Teddy Purcell.
3:01 of 1st period - Shot Blocked by Dan Hamhuis.
3:03 of 1st period - Shot by Erik Gudbranson.
3:03 of 1st period - Shot Blocked by Jeff Petry.
3:12 of 1st period - Erik Gudbranson is hit by Lee Stempniak and loses puck.
3:42 of 1st period - Mike Ribeiro is hit by Luca Sbisa and loses puck.
4:07 of 1st period - Shot by Henrik Sedin.
4:07 of 1st period - Stopped by Jeff Zatkoff without a rebound.
4:08 of 1st period - Maxime Talbot wins face-off versus Mike Fisher in Blues zone.
4:31 of 1st period - Shot by Eric Fehr.
4:31 of 1st period - Stopped by Jeff Zatkoff without a rebound.
4:32 of 1st period - Antoine Vermette wins face-off versus Henrik Sedin in Blues zone.
4:39 of 1st period - Minor Penalty to Carl Gunnarsson for Tripping.
4:40 of 1st period - Bryan Little wins face-off versus Henrik Sedin in Blues zone.
4:40 of 1st period - Bryan Little is hit by Henrik Sedin.
4:52 of 1st period - Icing by Patrick Kane.
4:53 of 1st period - Bryan Little wins face-off versus Henrik Sedin in Lightning zone.
5:07 of 1st period - Icing by Andrej Sekera.
5:08 of 1st period - Bryan Little wins face-off versus Henrik Sedin in Lightning zone.
5:11 of 1st period - Shot by Bryan Little.
5:11 of 1st period - Shot Misses the Net.
5:19 of 1st period - Shot by Patrick Kane.
5:19 of 1st period - Shot Blocked by Dan Hamhuis.
5:21 of 1st period - Shot by Henrik Sedin.
5:21 of 1st period - Shot Misses the Net.
5:23 of 1st period - Shot by Andrej Sekera.
5:23 of 1st period - Shot Misses the Net.
5:25 of 1st period - Shot by Brent Seabrook.
5:25 of 1st period - Shot Misses the Net.
5:29 of 1st period - Shot by Patrick Kane.
5:29 of 1st period - Stopped by Jeff Zatkoff without a rebound.
5:30 of 1st period - Jussi Jokinen wins face-off versus Brad Richards in Blues zone.
6:09 of 1st period - Shot by Curtis Glencross.
6:09 of 1st period - Shot Hit the Post.
6:46 of 1st period - Maxime Talbot is hit by Bryan Little and loses puck.
7:09 of 1st period - Shot by David Jones.
7:09 of 1st period - Stopped by Jaroslav Halak without a rebound.
7:10 of 1st period - Henrik Sedin wins face-off versus Antoine Vermette in Lightning zone.
7:19 of 1st period - Shot by Patrick Kane.
7:19 of 1st period - Stopped by Jeff Zatkoff without a rebound.
7:20 of 1st period - Antoine Vermette wins face-off versus Henrik Sedin in Blues zone.
7:20 of 1st period - Antoine Vermette is hit by Cam Atkinson.
7:36 of 1st period - Andrej Sekera is hit by Antoine Vermette and loses puck.
7:42 of 1st period - Icing by Patrick Kane.
7:43 of 1st period - Mike Fisher wins face-off versus Henrik Sedin in Lightning zone.
8:23 of 1st period - Icing by Mike Fisher.
8:24 of 1st period - Brad Richards wins face-off versus Mike Fisher in Blues zone.
8:34 of 1st period - Bryan Little is hit by Teddy Purcell and loses puck.
9:18 of 1st period - Antoine Vermette is hit by Jason Chimera and loses puck.
9:48 of 1st period - Maxime Talbot is hit by Dan Hamhuis and loses puck.
9:57 of 1st period - Icing by Jason Chimera.
9:58 of 1st period - Jason Chimera wins face-off versus Mike Fisher in Lightning zone.
9:58 of 1st period - Jason Chimera is hit by Mike Fisher.
10:04 of 1st period - Shot by Bryan Little.
10:04 of 1st period - Deflect By Mike Fisher.
10:04 of 1st period - Stopped by Jaroslav Halak with a rebound.
10:06 of 1st period - Shot by Kevin Klein.
10:06 of 1st period - Shot Blocked by Scott Hannan.
10:08 of 1st period - Shot by Matt Irwin.
10:08 of 1st period - Stopped by Jaroslav Halak with a rebound.
10:14 of 1st period - Shot by Mike Fisher.
10:14 of 1st period - Shot Hit the Post.
10:16 of 1st period - Shot by Bryan Little.
10:16 of 1st period - Stopped by Jaroslav Halak with a rebound.
10:57 of 1st period - Icing by Dan Hamhuis.
10:58 of 1st period - Henrik Sedin wins face-off versus Mike Ribeiro in Blues zone.
11:03 of 1st period - Shot by Henrik Sedin.
11:03 of 1st period - Shot Blocked by Michael Frolik.
11:41 of 1st period - Icing by Andrej Sekera.
11:42 of 1st period - Mike Fisher wins face-off versus Henrik Sedin in Lightning zone.
12:05 of 1st period - Shot by Mike Fisher.
12:05 of 1st period - Stopped by Jaroslav Halak without a rebound.
12:06 of 1st period - Antoine Vermette wins face-off versus Brad Richards in Lightning zone.
13:16 of 1st period - David Schlemko is hit by Mike Fisher and loses puck.
13:22 of 1st period - Maxime Talbot is hit by Mike Weaver.
13:37 of 1st period - Carl Gunnarsson is hit by Maxime Talbot and loses puck.
13:46 of 1st period - Shot by Eric Fehr.
13:46 of 1st period - Shot Misses the Net.
14:04 of 1st period - Shot by Patrick Kane.
14:04 of 1st period - Shot Misses the Net.
14:18 of 1st period - Shot by Cam Atkinson.
14:18 of 1st period - Shot Blocked by Carl Gunnarsson.
14:24 of 1st period - Shot by Patrick Kane.
14:24 of 1st period - Shot Misses the Net.
14:26 of 1st period - Shot by Henrik Sedin.
14:26 of 1st period - Shot Blocked by Mike Weaver.
14:28 of 1st period - Shot by Patrick Kane.
14:28 of 1st period - Stopped by Jeff Zatkoff without a rebound.
14:29 of 1st period - Antoine Vermette wins face-off versus Jason Chimera in Blues zone.
14:44 of 1st period - Shot by Maxime Talbot.
14:44 of 1st period - Shot Hit the Post.
14:46 of 1st period - Shot by Tomas Plekanec.
14:46 of 1st period - Stopped by Jeff Zatkoff without a rebound.
14:47 of 1st period - Brad Richards wins face-off versus Michael Frolik in Blues zone.
15:22 of 1st period - Icing by Brent Seabrook.
15:23 of 1st period - Antoine Vermette wins face-off versus Brad Richards in Lightning zone.
15:46 of 1st period - Shot by Jussi Jokinen.
15:46 of 1st period - Goal by Jussi Jokinen - Blues : 1 - Lightning : 0.
15:47 of 1st period - Henrik Sedin wins face-off versus R.J. Umberger in neutral zone.
16:22 of 1st period - Icing by Andrej Meszaros.
16:23 of 1st period - Cam Atkinson wins face-off versus Antoine Vermette in Lightning zone.
17:12 of 1st period - Shot by Maxime Talbot.
17:12 of 1st period - Shot Blocked by Dan Hamhuis.
17:16 of 1st period - Shot by David Schlemko.
17:16 of 1st period - Stopped by Jeff Zatkoff without a rebound.
17:17 of 1st period - Brad Richards wins face-off versus Mike Fisher in Blues zone.
17:17 of 1st period - Minor Penalty to Carl Gunnarsson for Hooking.
17:18 of 1st period - Brad Richards wins face-off versus Jussi Jokinen in Blues zone.
17:37 of 1st period - Shot by Curtis Glencross.
17:37 of 1st period - Shot Misses the Net.
17:59 of 1st period - Icing by Andrej Sekera.
18:00 of 1st period - Bryan Little wins face-off versus Brad Richards in Lightning zone.
18:26 of 1st period - Off-side.
18:27 of 1st period - Jussi Jokinen wins face-off versus Cam Atkinson in neutral zone.
18:33 of 1st period - Icing by Andrej Meszaros.
18:34 of 1st period - Jussi Jokinen wins face-off versus Henrik Sedin in Lightning zone.
19:16 of 1st period - Icing by Erik Gudbranson.
19:17 of 1st period - Maxim Lapierre wins face-off versus Mike Fisher in Lightning zone.
19:17 of 1st period - Maxim Lapierre is hit by Bryan Little.
19:20 of 1st period - Icing by Brent Seabrook.
19:21 of 1st period - Maxim Lapierre wins face-off versus Mike Fisher in Lightning zone.
19:21 of 1st period - Maxim Lapierre is hit by Mike Fisher.
19:30 of 1st period - Minor Penalty to Mike Weaver for Delaying the game.
19:31 of 1st period - Jussi Jokinen wins face-off versus Brad Richards in Blues zone.
19:31 of 1st period - Jussi Jokinen is hit by Teddy Purcell.
19:57 of 1st period - Shot by Brent Seabrook.
19:57 of 1st period - Stopped by Jeff Zatkoff with a rebound.
Goals for this period are 1 for Blues vs 0 for Lightning.
Shots for this period are 8 for Blues vs 9 for Lightning.

2nd period


0:01 of 2nd period - Henrik Sedin wins face-off versus Jussi Jokinen in neutral zone.
1:17 of 2nd period - Shot by Brad Richards.
1:17 of 2nd period - Shot Blocked by Dan Hamhuis.
1:22 of 2nd period - Curtis Glencross is hit by Dan Hamhuis and loses puck.
1:48 of 2nd period - Icing by Carl Gunnarsson.
1:49 of 2nd period - Maxim Lapierre wins face-off versus Mike Ribeiro in Blues zone.
2:12 of 2nd period - Shot by Maxim Lapierre.
2:12 of 2nd period - Goal by Maxim Lapierre - Blues : 1 - Lightning : 1.
2:13 of 2nd period - Mike Fisher wins face-off versus Henrik Sedin in neutral zone.
2:42 of 2nd period - Shot by Cam Atkinson.
2:42 of 2nd period - Deflect By Henrik Sedin.
2:42 of 2nd period - Shot Blocked by Matt Irwin.
2:54 of 2nd period - Shot by Cam Atkinson.
2:54 of 2nd period - Shot Blocked by Matt Irwin.
2:56 of 2nd period - Shot by Brent Seabrook.
2:56 of 2nd period - Goal by Brent Seabrook - Blues : 1 - Lightning : 2.
2:57 of 2nd period - Antoine Vermette wins face-off versus Brad Richards in neutral zone.
3:25 of 2nd period - Shot by Dan Hamhuis.
3:25 of 2nd period - Stopped by Jaroslav Halak without a rebound.
3:26 of 2nd period - Mike Ribeiro wins face-off versus Tomas Plekanec in Lightning zone.
4:10 of 2nd period - Shot by Lee Stempniak.
4:10 of 2nd period - Shot Misses the Net.
4:44 of 2nd period - Shot by Bryan Little.
4:44 of 2nd period - Shot Misses the Net.
4:49 of 2nd period - Off-side.
4:50 of 2nd period - Antoine Vermette wins face-off versus Brad Richards in neutral zone.
4:55 of 2nd period - Shot by Jussi Jokinen.
4:55 of 2nd period - Goal by Jussi Jokinen - Blues : 2 - Lightning : 2.
4:56 of 2nd period - Antoine Vermette wins face-off versus Brad Richards in neutral zone.
4:56 of 2nd period - Alex Tanguay is hit by Curtis Glencross.
5:01 of 2nd period - Antoine Vermette is hit by Erik Gudbranson and loses puck.
5:24 of 2nd period - Shot by Antoine Vermette.
5:24 of 2nd period - Goal by Antoine Vermette - Blues : 3 - Lightning : 2.
5:25 of 2nd period - Henrik Sedin wins face-off versus Mike Fisher in neutral zone.
6:11 of 2nd period - Off-side.
6:12 of 2nd period - Antoine Vermette wins face-off versus Brad Richards in neutral zone.
6:29 of 2nd period - Shot by Curtis Glencross.
6:29 of 2nd period - Shot Misses the Net.
6:31 of 2nd period - Shot by Teddy Purcell.
6:31 of 2nd period - Goal by Teddy Purcell - Blues : 3 - Lightning : 3.
6:32 of 2nd period - Maxim Lapierre wins face-off versus Mike Ribeiro in neutral zone.
6:35 of 2nd period - Minor Penalty to Maxim Lapierre for Roughing.
6:36 of 2nd period - Mike Ribeiro wins face-off versus Cam Atkinson in Lightning zone.
6:47 of 2nd period - Shot by Matt Irwin.
6:47 of 2nd period - Shot Misses the Net.
6:49 of 2nd period - Shot by Dan Hamhuis.
6:49 of 2nd period - Shot Misses the Net.
6:51 of 2nd period - Shot by Matt Irwin.
6:51 of 2nd period - Shot Blocked by Maxime Talbot.
7:49 of 2nd period - Andrej Meszaros is hit by Mike Weaver and loses puck.
7:58 of 2nd period - Shot by Carl Gunnarsson.
7:58 of 2nd period - Shot Blocked by Erik Gudbranson.
8:00 of 2nd period - Shot by Mike Weaver.
8:00 of 2nd period - Stopped by Jaroslav Halak without a rebound.
8:01 of 2nd period - Cam Atkinson wins face-off versus Mike Ribeiro in Lightning zone.
8:10 of 2nd period - Shot by Cam Atkinson.
8:10 of 2nd period - Stopped by Jeff Zatkoff without a rebound.
8:11 of 2nd period - Antoine Vermette wins face-off versus Cam Atkinson in Blues zone.
9:04 of 2nd period - Minor Penalty to Curtis Glencross for Hooking.
9:05 of 2nd period - Mike Ribeiro wins face-off versus Maxim Lapierre in Lightning zone.
9:18 of 2nd period - Shot by Dan Hamhuis.
9:18 of 2nd period - Stopped by Jaroslav Halak without a rebound.
9:19 of 2nd period - Maxim Lapierre wins face-off versus Antoine Vermette in Lightning zone.
10:29 of 2nd period - Icing by Dan Hamhuis.
10:30 of 2nd period - Mike Ribeiro wins face-off versus Brad Richards in Blues zone.
10:36 of 2nd period - Mike Ribeiro is hit by Erik Gudbranson and loses puck.
11:13 of 2nd period - Shot by Cam Atkinson.
11:13 of 2nd period - Stopped by Jeff Zatkoff with a rebound.
11:28 of 2nd period - Icing by David Jones.
11:29 of 2nd period - Brad Richards wins face-off versus R.J. Umberger in Blues zone.
11:39 of 2nd period - Brad Richards is hit by Carl Gunnarsson and loses puck.
11:42 of 2nd period - Shot by Brad Richards.
11:42 of 2nd period - Stopped by Jeff Zatkoff without a rebound.
11:43 of 2nd period - Mike Fisher wins face-off versus Henrik Sedin in Blues zone.
12:09 of 2nd period - Andrej Sekera is hit by Mike Fisher.
12:45 of 2nd period - Shot by Teddy Purcell.
12:45 of 2nd period - Stopped by Jeff Zatkoff with a rebound.
12:46 of 2nd period - Minor Penalty to Matt Irwin for Holding Stick.
12:47 of 2nd period - Jussi Jokinen wins face-off versus Brad Richards in Blues zone.
13:05 of 2nd period - Brad Richards is hit by Carl Gunnarsson.
13:11 of 2nd period - Shot by Andrej Meszaros.
13:11 of 2nd period - Stopped by Jeff Zatkoff without a rebound.
13:12 of 2nd period - Cam Atkinson wins face-off versus Jussi Jokinen in Blues zone.
13:13 of 2nd period - Shot by Brent Seabrook.
13:13 of 2nd period - Shot Blocked by Dan Hamhuis.
13:15 of 2nd period - Shot by Andrej Sekera.
13:15 of 2nd period - Shot Misses the Net.
13:17 of 2nd period - Shot by Patrick Kane.
13:17 of 2nd period - Shot Blocked by Mike Weaver.
13:19 of 2nd period - Shot by Henrik Sedin.
13:19 of 2nd period - Goal by Henrik Sedin - Blues : 3 - Lightning : 4.
13:20 of 2nd period - Tomas Plekanec wins face-off versus Antoine Vermette in neutral zone.
13:20 of 2nd period - Jason Chimera is hit by Antoine Vermette and loses puck.
13:22 of 2nd period - Minor Penalty to Jason Chimera for Slashing.
13:23 of 2nd period - Mike Ribeiro wins face-off versus Maxim Lapierre in Lightning zone.
13:26 of 2nd period - Shot by Alex Tanguay.
13:26 of 2nd period - Stopped by Jaroslav Halak with a rebound.
13:28 of 2nd period - Shot by Bryan Little.
13:28 of 2nd period - Stopped by Jaroslav Halak without a rebound.
13:29 of 2nd period - Mike Ribeiro wins face-off versus Maxim Lapierre in Lightning zone.
14:36 of 2nd period - Andrej Sekera is hit by Mike Ribeiro and loses puck.
15:07 of 2nd period - Shot by Carl Gunnarsson.
15:07 of 2nd period - Stopped by Jaroslav Halak with a rebound.
15:21 of 2nd period - Shot by Antoine Vermette.
15:21 of 2nd period - Shot Misses the Net.
15:31 of 2nd period - Shot by Lee Stempniak.
15:31 of 2nd period - Stopped by Jaroslav Halak without a rebound.
15:32 of 2nd period - Henrik Sedin wins face-off versus Mike Ribeiro in Lightning zone.
17:20 of 2nd period - Icing by Andrej Meszaros.
17:21 of 2nd period - Antoine Vermette wins face-off versus Teddy Purcell in Lightning zone.
17:21 of 2nd period - Antoine Vermette is hit by Erik Gudbranson.
17:26 of 2nd period - Icing by Andrej Meszaros.
17:27 of 2nd period - Brad Richards wins face-off versus Antoine Vermette in Lightning zone.
17:42 of 2nd period - Shot by Teddy Purcell.
17:42 of 2nd period - Deflect By Brad Richards.
17:42 of 2nd period - Stopped by Jeff Zatkoff without a rebound.
17:43 of 2nd period - Henrik Sedin wins face-off versus R.J. Umberger in Blues zone.
17:43 of 2nd period - Andrej Sekera is hit by Matt Irwin and loses puck.
17:59 of 2nd period - Icing by Andrej Sekera.
18:00 of 2nd period - Antoine Vermette wins face-off versus Henrik Sedin in Lightning zone.
18:12 of 2nd period - Icing by Dan Hamhuis.
18:13 of 2nd period - Antoine Vermette wins face-off versus Brad Richards in Blues zone.
18:13 of 2nd period - Dan Hamhuis is hit by Brad Richards and loses puck.
18:28 of 2nd period - Shot by Andrej Meszaros.
18:28 of 2nd period - Stopped by Jeff Zatkoff without a rebound.
18:29 of 2nd period - Mike Fisher wins face-off versus Henrik Sedin in Blues zone.
18:35 of 2nd period - Off-side.
18:36 of 2nd period - Henrik Sedin wins face-off versus Mike Fisher in neutral zone.
18:36 of 2nd period - Brent Seabrook is hit by Mike Fisher and loses puck.
18:44 of 2nd period - Patrick Kane is hit by Carl Gunnarsson and loses puck.
18:57 of 2nd period - Patrick Kane is hit by Mike Fisher.
19:14 of 2nd period - Minor Penalty to Mike Fisher for Hooking.
19:15 of 2nd period - Jussi Jokinen wins face-off versus Brad Richards in Blues zone.
19:15 of 2nd period - Jussi Jokinen is hit by Curtis Glencross.
19:57 of 2nd period - Shot by Erik Gudbranson.
19:57 of 2nd period - Shot Blocked by Bryan Little.
Goals for this period are 2 for Blues vs 4 for Lightning.
Shots for this period are 9 for Blues vs 11 for Lightning.

3rd period


0:01 of 3rd period - Bryan Little wins face-off versus Henrik Sedin in neutral zone.
0:12 of 3rd period - Shot by Brent Seabrook.
0:12 of 3rd period - Shot Misses the Net.
0:14 of 3rd period - Shot by Patrick Kane.
0:14 of 3rd period - Shot Misses the Net.
0:16 of 3rd period - Shot by Andrej Sekera.
0:16 of 3rd period - Shot Misses the Net.
0:18 of 3rd period - Shot by Henrik Sedin.
0:18 of 3rd period - Goal by Henrik Sedin - Blues : 3 - Lightning : 5.
0:18 of 3rd period - Sergei Bobrovsky enters game.
0:19 of 3rd period - Mike Fisher wins face-off versus Brad Richards in neutral zone.
0:19 of 3rd period - Mike Fisher is hit by Curtis Glencross.
0:32 of 3rd period - Bryan Little is hit by Erik Gudbranson and loses puck.
0:40 of 3rd period - Icing by Teddy Purcell.
0:41 of 3rd period - Antoine Vermette wins face-off versus Curtis Glencross in Lightning zone.
0:44 of 3rd period - Shot by Jussi Jokinen.
0:44 of 3rd period - Deflect By Alex Tanguay.
0:44 of 3rd period - Stopped by Jaroslav Halak without a rebound.
0:45 of 3rd period - Mike Fisher wins face-off versus Henrik Sedin in Lightning zone.
0:47 of 3rd period - Bryan Little is hit by Brent Seabrook and loses puck.
1:03 of 3rd period - Icing by Andrej Sekera.
1:04 of 3rd period - Antoine Vermette wins face-off versus Henrik Sedin in Lightning zone.
1:47 of 3rd period - Shot by Antoine Vermette.
1:47 of 3rd period - Shot Blocked by Andrej Sekera.
1:53 of 3rd period - Carl Gunnarsson is hit by Patrick Kane and loses puck.
2:33 of 3rd period - Shot by Jiri Hudler.
2:33 of 3rd period - Goal by Jiri Hudler - Blues : 4 - Lightning : 5.
2:34 of 3rd period - Tomas Plekanec wins face-off versus Mike Ribeiro in neutral zone.
2:37 of 3rd period - Dan Hamhuis is hit by Maxime Talbot and loses puck.
2:55 of 3rd period - Jason Chimera is hit by Jeff Petry and loses puck.
2:58 of 3rd period - Shot by Tomas Plekanec.
2:58 of 3rd period - Shot Blocked by Michael Frolik.
3:06 of 3rd period - Shot by Tomas Plekanec.
3:06 of 3rd period - Shot Misses the Net.
3:08 of 3rd period - Shot by Tomas Plekanec.
3:08 of 3rd period - Shot Blocked by Jeff Petry.
5:00 of 3rd period - Shot by Antoine Vermette.
5:00 of 3rd period - Stopped by Jaroslav Halak with a rebound.
5:02 of 3rd period - Shot by Antoine Vermette.
5:02 of 3rd period - Stopped by Jaroslav Halak without a rebound.
5:03 of 3rd period - Tomas Plekanec wins face-off versus Mike Ribeiro in Lightning zone.
5:18 of 3rd period - Shot by Michael Frolik.
5:18 of 3rd period - Shot Misses the Net.
5:21 of 3rd period - Icing by Scott Hannan.
5:22 of 3rd period - R.J. Umberger wins face-off versus Tomas Plekanec in Lightning zone.
5:22 of 3rd period - Bryan Little is hit by David Schlemko.
5:36 of 3rd period - Shot by Tomas Plekanec.
5:36 of 3rd period - Shot Misses the Net.
5:44 of 3rd period - Shot by R.J. Umberger.
5:44 of 3rd period - Shot Misses the Net.
5:46 of 3rd period - Shot by David Jones.
5:46 of 3rd period - Stopped by Jaroslav Halak with a rebound.
6:12 of 3rd period - Carl Gunnarsson is hit by Curtis Glencross and loses puck.
6:17 of 3rd period - Shot by Curtis Glencross.
6:17 of 3rd period - Stopped by Sergei Bobrovsky without a rebound.
6:18 of 3rd period - Antoine Vermette wins face-off versus Henrik Sedin in Blues zone.
6:18 of 3rd period - Antoine Vermette is hit by Patrick Kane.
6:42 of 3rd period - Shot by Jussi Jokinen.
6:42 of 3rd period - Stopped by Jaroslav Halak without a rebound.
6:43 of 3rd period - Brad Richards wins face-off versus Mike Ribeiro in Lightning zone.
7:06 of 3rd period - Shot by Michael Frolik.
7:06 of 3rd period - Shot Blocked by Teddy Purcell.
7:16 of 3rd period - Shot by Mike Ribeiro.
7:16 of 3rd period - Stopped by Jaroslav Halak with a rebound.
7:37 of 3rd period - Icing by Michael Frolik.
7:38 of 3rd period - Patrick Kane wins face-off versus Mike Ribeiro in Blues zone.
7:45 of 3rd period - Shot by Patrick Kane.
7:45 of 3rd period - Stopped by Sergei Bobrovsky without a rebound.
7:46 of 3rd period - Mike Fisher wins face-off versus Henrik Sedin in Blues zone.
7:46 of 3rd period - Mike Fisher is hit by Henrik Sedin.
7:52 of 3rd period - Cam Atkinson is hit by Jiri Hudler and loses puck.
8:29 of 3rd period - Icing by Dan Hamhuis.
8:30 of 3rd period - Teddy Purcell wins face-off versus Mike Fisher in Blues zone.
9:11 of 3rd period - Shot by Teddy Purcell.
9:11 of 3rd period - Shot Misses the Net.
9:13 of 3rd period - Shot by Andrej Meszaros.
9:13 of 3rd period - Stopped by Sergei Bobrovsky without a rebound.
9:14 of 3rd period - Maxim Lapierre wins face-off versus Mike Ribeiro in Blues zone.
9:49 of 3rd period - Shot by Eric Fehr.
9:49 of 3rd period - Shot Misses the Net.
9:55 of 3rd period - Shot by Mike Ribeiro.
9:55 of 3rd period - Goal by Mike Ribeiro - Blues : 5 - Lightning : 5.
9:56 of 3rd period - Henrik Sedin wins face-off versus Antoine Vermette in neutral zone.
10:13 of 3rd period - Shot by Jussi Jokinen.
10:13 of 3rd period - Stopped by Jaroslav Halak without a rebound.
10:13 of 3rd period - Minor Penalty to Scott Hannan for Slashing.
10:14 of 3rd period - Maxim Lapierre wins face-off versus Mike Ribeiro in Lightning zone.
10:38 of 3rd period - Shot by Dan Hamhuis.
10:38 of 3rd period - Shot Misses the Net.
12:21 of 3rd period - Dan Hamhuis is hit by Cam Atkinson and loses puck.
12:26 of 3rd period - Shot by Scott Hannan.
12:26 of 3rd period - Shot Misses the Net.
12:28 of 3rd period - Shot by Scott Hannan.
12:28 of 3rd period - Shot Blocked by Dan Hamhuis.
13:26 of 3rd period - Shot by Brad Richards.
13:26 of 3rd period - Shot Blocked by Dan Hamhuis.
13:36 of 3rd period - Shot by Brad Richards.
13:36 of 3rd period - Shot Misses the Net.
14:11 of 3rd period - Jussi Jokinen is hit by Luca Sbisa and loses puck.
15:00 of 3rd period - Shot by Henrik Sedin.
15:00 of 3rd period - Stopped by Sergei Bobrovsky without a rebound.
15:01 of 3rd period - Henrik Sedin wins face-off versus Mike Ribeiro in Blues zone.
15:18 of 3rd period - Michael Frolik is hit by Henrik Sedin and loses puck.
15:38 of 3rd period - Icing by Andrej Sekera.
15:39 of 3rd period - Mike Fisher wins face-off versus Patrick Kane in Lightning zone.
15:44 of 3rd period - Shot by Jiri Hudler.
15:44 of 3rd period - Stopped by Jaroslav Halak with a rebound.
15:50 of 3rd period - Kevin Klein is hit by Cam Atkinson and loses puck.
16:24 of 3rd period - Icing by Dan Hamhuis.
16:25 of 3rd period - Tomas Plekanec wins face-off versus Mike Ribeiro in Blues zone.
16:30 of 3rd period - Shot by Maxime Talbot.
16:30 of 3rd period - Shot Misses the Net.
16:32 of 3rd period - Shot by Maxime Talbot.
16:32 of 3rd period - Stopped by Sergei Bobrovsky without a rebound.
16:33 of 3rd period - Antoine Vermette wins face-off versus Maxim Lapierre in Blues zone.
16:33 of 3rd period - Carl Gunnarsson is hit by Maxime Talbot and loses puck.
16:45 of 3rd period - Icing by Mike Weaver.
16:46 of 3rd period - Henrik Sedin wins face-off versus Antoine Vermette in Blues zone.
16:56 of 3rd period - Icing by Alex Tanguay.
16:57 of 3rd period - Antoine Vermette wins face-off versus Brad Richards in Blues zone.
17:06 of 3rd period - Shot by Jussi Jokinen.
17:06 of 3rd period - Shot Blocked by Teddy Purcell.
17:08 of 3rd period - Shot by Antoine Vermette.
17:08 of 3rd period - Shot Misses the Net.
17:10 of 3rd period - Shot by Jussi Jokinen.
17:10 of 3rd period - Shot Misses the Net.
17:14 of 3rd period - Shot by Antoine Vermette.
17:14 of 3rd period - Stopped by Jaroslav Halak without a rebound.
17:15 of 3rd period - Mike Fisher wins face-off versus Henrik Sedin in Lightning zone.
17:18 of 3rd period - Shot by Jiri Hudler.
17:18 of 3rd period - Shot Misses the Net.
17:20 of 3rd period - Shot by Mike Fisher.
17:20 of 3rd period - Stopped by Jaroslav Halak without a rebound.
17:21 of 3rd period - Henrik Sedin wins face-off versus Mike Fisher in Lightning zone.
17:44 of 3rd period - Shot by Patrick Kane.
17:44 of 3rd period - Stopped by Sergei Bobrovsky with a rebound.
17:54 of 3rd period - Shot by Cam Atkinson.
17:54 of 3rd period - Stopped by Sergei Bobrovsky with a rebound.
17:56 of 3rd period - Shot by Patrick Kane.
17:56 of 3rd period - Deflect By Henrik Sedin.
17:56 of 3rd period - Shot Blocked by Mike Fisher.
17:58 of 3rd period - Shot by Henrik Sedin.
17:58 of 3rd period - Stopped by Sergei Bobrovsky without a rebound.
17:59 of 3rd period - Brad Richards wins face-off versus Antoine Vermette in Blues zone.
18:06 of 3rd period - Shot by Teddy Purcell.
18:06 of 3rd period - Stopped by Sergei Bobrovsky without a rebound.
18:07 of 3rd period - Brad Richards wins face-off versus Jussi Jokinen in Blues zone.
18:15 of 3rd period - Icing by Brent Seabrook.
18:16 of 3rd period - Teddy Purcell wins face-off versus Mike Fisher in Lightning zone.
18:16 of 3rd period - Andrej Sekera is hit by Jiri Hudler and loses puck.
19:30 of 3rd period - Shot by Antoine Vermette.
19:30 of 3rd period - Stopped by Jaroslav Halak without a rebound.
19:31 of 3rd period - Henrik Sedin wins face-off versus Mike Ribeiro in Lightning zone.
19:36 of 3rd period - Shot by Andrej Meszaros.
19:36 of 3rd period - Stopped by Sergei Bobrovsky without a rebound.
19:37 of 3rd period - Henrik Sedin wins face-off versus Antoine Vermette in Blues zone.
19:37 of 3rd period - Andrej Meszaros is hit by Kevin Klein.
19:39 of 3rd period - Shot by Patrick Kane.
19:39 of 3rd period - Stopped by Sergei Bobrovsky with a rebound.
19:43 of 3rd period - Shot by Henrik Sedin.
19:43 of 3rd period - Shot Misses the Net.
19:47 of 3rd period - Shot by Patrick Kane.
19:47 of 3rd period - Deflect By Cam Atkinson.
19:47 of 3rd period - Shot Misses the Net.
19:49 of 3rd period - Shot by Patrick Kane.
19:49 of 3rd period - Stopped by Sergei Bobrovsky without a rebound.
19:50 of 3rd period - Mike Ribeiro wins face-off versus Tomas Plekanec in Blues zone.
19:50 of 3rd period - Mike Ribeiro is hit by Jason Chimera.
Goals for this period are 2 for Blues vs 1 for Lightning.
Shots for this period are 13 for Blues vs 13 for Lightning.

Overtime #1


0:01 of 1st overtime period - Patrick Kane wins face-off versus Antoine Vermette in neutral zone.
0:26 of 1st overtime period - Shot by Patrick Kane.
0:26 of 1st overtime period - Shot Misses the Net.
0:40 of 1st overtime period - Shot by Antoine Vermette.
0:40 of 1st overtime period - Shot Blocked by Andrej Sekera.
0:42 of 1st overtime period - Shot by Dan Hamhuis.
0:42 of 1st overtime period - Stopped by Jaroslav Halak with a rebound.
0:44 of 1st overtime period - Shot by Antoine Vermette.
0:44 of 1st overtime period - Stopped by Jaroslav Halak without a rebound.
0:45 of 1st overtime period - Patrick Kane wins face-off versus Mike Ribeiro in Lightning zone.
0:45 of 1st overtime period - Patrick Kane is hit by Lee Stempniak.
0:53 of 1st overtime period - Shot by Cam Atkinson.
0:53 of 1st overtime period - Shot Blocked by Carl Gunnarsson.
0:58 of 1st overtime period - Icing by Mike Ribeiro.
0:59 of 1st overtime period - Patrick Kane wins face-off versus Mike Ribeiro in Blues zone.
1:04 of 1st overtime period - Shot by Patrick Kane.
1:04 of 1st overtime period - Shot Misses the Net.
2:16 of 1st overtime period - Shot by Teddy Purcell.
2:16 of 1st overtime period - Shot Blocked by Jeff Petry.
2:30 of 1st overtime period - Shot by Teddy Purcell.
2:30 of 1st overtime period - Shot Misses the Net.
2:32 of 1st overtime period - Shot by Brad Richards.
2:32 of 1st overtime period - Stopped by Sergei Bobrovsky without a rebound.
2:33 of 1st overtime period - Curtis Glencross wins face-off versus Antoine Vermette in Blues zone.
2:50 of 1st overtime period - Shot by Curtis Glencross.
2:50 of 1st overtime period - Stopped by Sergei Bobrovsky with a rebound.
2:58 of 1st overtime period - Shot by Maxime Talbot.
2:58 of 1st overtime period - Shot Misses the Net.
3:00 of 1st overtime period - Shot by Curtis Glencross.
3:00 of 1st overtime period - Goal by Curtis Glencross - Blues : 5 - Lightning : 6.
Goals for this period are 0 for Blues vs 1 for Lightning.
Shots for this period are 2 for Blues vs 3 for Lightning.


Output by the SimonT Hockey Simulator (STHS) for Stephane Roy -- Original Page W3C XHTML 1.0 Valid
Hockey Simulator - Hockey Simulation - Hockey Manager